TOP OF THE 1ST |
Wisconsin Timber Rattlers batting - Pitching for Trenton Stars : RHP Chad Field
|
Pitching: RHP Chad Field
|
|
Batting: RHB Emílio Carrillo
|
0-0: Ball 1-0: Fly out, F9 (Flyball, 9M)
|
Batting: SHB Orlando Lópes
|
0-0: Ball 1-0: Foul Ball, location: 2F 1-1: Called Strike 1-2: Ball 2-2: Foul Ball, location: 2F 2-2: Ball 3-2: Foul Ball, location: 2F 3-2: Foul Ball, location: 2F 3-2: Base on Balls
|
Batting: RHB William Farmer
|
0-0: Called Strike 0-1: Ball 1-1: Ball 2-1: Ball 3-1: Foul Ball, location: 2F 3-2: Base on Balls Orlando Lópes to second
|
Batting: LHB Tony Ortíz
|
0-0: Ball Wild Pitch! Orlando Lópes to third William Farmer to second 1-0: Fly out, F8 (Flyball, 8LM)
|
Batting: LHB Aroghetto Dionisotti
|
0-0: Ball 1-0: Foul Ball, location: 2F 1-1: Reached on error, E6 (Groundball, 6M) Orlando Lópes scores William Farmer to third
|
Batting: RHB Vicente Vélez
|
0-0: Ball 1-0: Ball 2-0: Ball 3-0: Base on Balls Aroghetto Dionisotti to second
|
Batting: RHB António Pérez
|
0-0: Swinging Strike 0-1: Ball 1-1: Foul Ball, location: 2F 1-2: Strikes out swinging
|
Top of the 1st over - 1 run(s), 0 hit(s), 1 error(s), 3 left on base; Wisconsin 1 - Trenton 0 |
BOTTOM OF THE 1ST |
Trenton Stars batting - Pitching for Wisconsin Timber Rattlers : LHP Byron Dunn
|
Pitching: LHP Byron Dunn
|
|
Batting: RHB Clancy Booker
|
0-0: Ground out 4-3 (Groundball, 4)
|
Batting: RHB Felipe Olivas
|
0-0: Called Strike 0-1: Swinging Strike 0-2: Ground out 4-3 (Groundball, 4M)
|
Batting: RHB Salvador Gonzáles
|
0-0: Swinging Strike 0-1: Called Strike 0-2: Foul Ball, location: 2F 0-2: Ground out 5-3 (Groundball, 56)
|
Bottom of the 1st over - 0 run(s), 0 hit(s), 0 error(s), 0 left on base; Wisconsin 1 - Trenton 0 |
TOP OF THE 2ND |
Wisconsin Timber Rattlers batting - Pitching for Trenton Stars : RHP Chad Field
|
Batting: RHB Ulysse Bélisle
|
0-0: Foul Ball, location: 2F 0-1: Ball 1-1: Called Strike 1-2: Reached on Error, E9 (Flyball, 9LM)
|
Batting: RHB Joseph Stone
|
0-0: Ball 1-0: Called Strike 1-1: Ball 2-1: Ball 3-1: SINGLE (Flyball, 8RS) Ulysse Bélisle to second
|
Batting: RHB Emílio Carrillo
|
0-0: Fly out, F8 (Flyball, 89M)
|
Batting: SHB Orlando Lópes
|
0-0: Ball 1-0: Called Strike 1-1: Ball 2-1: Fly out, F9 (Flyball, 89M)
|
Batting: RHB William Farmer
|
0-0: Swinging Strike 0-1: Ball 1-1: Foul Ball, location: 2F 1-2: Fly out, F8 (Flyball, 8RM)
|
Top of the 2nd over - 0 run(s), 1 hit(s), 1 error(s), 2 left on base; Wisconsin 1 - Trenton 0 |
BOTTOM OF THE 2ND |
Trenton Stars batting - Pitching for Wisconsin Timber Rattlers : LHP Byron Dunn
|
Batting: LHB Jeff Gordon
|
0-0: Ball 1-0: Ground out 4-3 (Groundball, 4M)
|
Batting: LHB Felipe Guerrero
|
0-0: Ball 1-0: Swinging Strike 1-1: Called Strike 1-2: Foul Ball, location: 2F 1-2: Foul Ball, location: 2F 1-2: Strikes out swinging
|
Batting: RHB Jesús Dávila
|
0-0: Ball 1-0: Foul Ball, location: 2F 1-1: Ball 2-1: Fly out, F9 (Line Drive, 89M)
|
Bottom of the 2nd over - 0 run(s), 0 hit(s), 0 error(s), 0 left on base; Wisconsin 1 - Trenton 0 |
TOP OF THE 3RD |
Wisconsin Timber Rattlers batting - Pitching for Trenton Stars : RHP Chad Field
|
Batting: LHB Tony Ortíz
|
0-0: Foul Ball, location: 2F 0-1: Fly out, F8 (Flyball, 8RS)
|
Batting: LHB Aroghetto Dionisotti
|
0-0: Ball 1-0: Foul Ball, location: 2F 1-1: Ground out U3 (Groundball, 3S)
|
Batting: RHB Vicente Vélez
|
0-0: Ball 1-0: Swinging Strike 1-1: DOUBLE (Line Drive, 78XD)
|
Batting: RHB António Pérez
|
0-0: Ground out 6-3 (Groundball, 6)
|
Top of the 3rd over - 0 run(s), 1 hit(s), 0 error(s), 1 left on base; Wisconsin 1 - Trenton 0 |
BOTTOM OF THE 3RD |
Trenton Stars batting - Pitching for Wisconsin Timber Rattlers : LHP Byron Dunn
|
Batting: LHB Alberto Gómez
|
0-0: Ball 1-0: Ball 2-0: Ball 3-0: Called Strike 3-1: Base on Balls
|
Batting: LHB Ju-wei Shiu
|
0-0: Ball Alberto Gómez steals 2nd base 1-0: Foul Ball, location: 2F 1-1: Swinging Strike 1-2: Ball 2-2: Ball 3-2: Foul Ball, location: 2F 3-2: Foul Ball, location: 2F 3-2: Base on Balls
|
Batting: RHB Chris Cole
|
0-0: Foul Ball, location: 2F 0-1: Swinging Strike 0-2: Ball 1-2: Ball 2-2: Grounds into double play, U5-3 (Groundball, 5L) Ju-wei Shiu to second
|
Batting: RHB Clancy Booker
|
0-0: Foul Ball, location: 2F 0-1: Called Strike 0-2: Ball 1-2: Ball 2-2: Strikes out swinging
|
Bottom of the 3rd over - 0 run(s), 0 hit(s), 0 error(s), 1 left on base; Wisconsin 1 - Trenton 0 |
TOP OF THE 4TH |
Wisconsin Timber Rattlers batting - Pitching for Trenton Stars : RHP Chad Field
|
Batting: RHB Ulysse Bélisle
|
0-0: Called Strike 0-1: SINGLE (Flyball, 89S)
|
Batting: RHB Joseph Stone
|
0-0: Ball 1-0: Foul Ball, location: 2F 1-1: Ball 2-1: Called Strike 2-2: Foul Ball, location: 2F 2-2: Strikes out swinging
|
Batting: RHB Emílio Carrillo
|
0-0: Called Strike 0-1: Ball 1-1: Fly out, F8 (Flyball, 8RM)
|
Batting: SHB Orlando Lópes
|
0-0: Called Strike 0-1: Fly out, F9 (Line Drive, 9M)
|
Top of the 4th over - 0 run(s), 1 hit(s), 0 error(s), 1 left on base; Wisconsin 1 - Trenton 0 |
BOTTOM OF THE 4TH |
Trenton Stars batting - Pitching for Wisconsin Timber Rattlers : LHP Byron Dunn
|
Batting: RHB Felipe Olivas
|
0-0: Ball 1-0: Swinging Strike 1-1: SINGLE (Line Drive, 4M)
|
Batting: RHB Salvador Gonzáles
|
0-0: Ball Felipe Olivas steals 2nd base 1-0: Ball 2-0: Ball 3-0: Called Strike 3-1: Base on Balls
|
Batting: LHB Jeff Gordon
|
0-0: Ball 1-0: Ball 2-0: Called Strike 2-1: Swinging Strike 2-2: Strikes out looking
|
Batting: LHB Felipe Guerrero
|
0-0: SINGLE (Line Drive, 7S) Felipe Olivas to third Salvador Gonzáles to second
|
Batting: RHB Jesús Dávila
|
0-0: Foul Ball, location: 2F 0-1: Ball 1-1: Fly out, F8 (Line Drive, 8RS)
|
Batting: LHB Alberto Gómez
|
0-0: Called Strike 0-1: Ball 1-1: Ground out 4-3 (Groundball, 4)
|
Bottom of the 4th over - 0 run(s), 2 hit(s), 0 error(s), 3 left on base; Wisconsin 1 - Trenton 0 |
TOP OF THE 5TH |
Wisconsin Timber Rattlers batting - Pitching for Trenton Stars : RHP Chad Field
|
Batting: RHB William Farmer
|
0-0: Foul Ball, location: 2F 0-1: Ball 1-1: SINGLE (Groundball, 34)
|
Batting: LHB Tony Ortíz
|
0-0: SINGLE (Groundball, 34D) William Farmer to second Runner from 2nd tries for 3rd, SAFE, no throw or cutoff
|
Batting: LHB Aroghetto Dionisotti
|
0-0: Ball Tony Ortíz steals 2nd base 1-0: Foul Ball, location: 2F 1-1: Foul Ball, location: 2F 1-2: Foul Ball, location: 2F 1-2: Reached on error, E4 (Groundball, 4) William Farmer scores Tony Ortíz to third
|
Pitching: RHP Manuel Jimenen
|
|
Batting: RHB Vicente Vélez
|
0-0: Called Strike 0-1: DOUBLE (Flyball, 8LD) Tony Ortíz scores Aroghetto Dionisotti to third Runner from 3rd tries for Home, SAFE, no throw or cutoff
|
Batting: RHB António Pérez
|
0-0: Foul Ball, location: 2F 0-1: Ball 1-1: Foul Ball, location: 2F 1-2: Strikes out swinging
|
Batting: RHB Ulysse Bélisle
|
0-0: Called Strike 0-1: Called Strike 0-2: Ball 1-2: Ball 2-2: Ball 3-2: Strikes out looking
|
Batting: RHB Joseph Stone
|
0-0: Called Strike 0-1: Swinging Strike 0-2: Strikes out swinging
|
Top of the 5th over - 3 run(s), 3 hit(s), 1 error(s), 1 left on base; Wisconsin 4 - Trenton 0 |
BOTTOM OF THE 5TH |
Trenton Stars batting - Pitching for Wisconsin Timber Rattlers : LHP Byron Dunn
|
Batting: LHB Ju-wei Shiu
|
0-0: Ball 1-0: Called Strike 1-1: Ball 2-1: Fly out, F8 (Flyball, 8RD)
|
Batting: RHB Chris Cole
|
0-0: Swinging Strike 0-1: Hit by Pitch
|
Batting: RHB Clancy Booker
|
0-0: 2-RUN HOME RUN (Flyball, 7LD), Distance : 344 ft
|
Batting: RHB Felipe Olivas
|
0-0: Foul Ball, location: 2F 0-1: Foul Ball, location: 2F 0-2: DOUBLE (Flyball, 9LM)
|
Batting: RHB Salvador Gonzáles
|
0-0: Ball 1-0: Called Strike 1-1: Ball 2-1: Called Strike 2-2: Ball 3-2: Base on Balls
|
Batting: LHB Jeff Gordon
|
0-0: Ball 1-0: Ball 2-0: Ball 3-0: Base on Balls Felipe Olivas to third Salvador Gonzáles to second
|
Pitching: RHP Mike Brown
|
|
Batting: LHB Felipe Guerrero
|
0-0: Ball 1-0: Called Strike 1-1: Ball 2-1: SINGLE (Line Drive, 6MD) Felipe Olivas scores Salvador Gonzáles to third Jeff Gordon to second
|
Batting: RHB Jesús Dávila
|
0-0: Ball 1-0: Ball 2-0: Foul Ball, location: 2F 2-1: Fielders Choice at 2nd, 5-4 (Groundball, 56) Salvador Gonzáles scores Jeff Gordon to third
|
Batting: LHB Alberto Gómez
|
0-0: Ground out 1-3 (Groundball, 15S)
|
Bottom of the 5th over - 4 run(s), 3 hit(s), 0 error(s), 2 left on base; Wisconsin 4 - Trenton 4 |
TOP OF THE 6TH |
Wisconsin Timber Rattlers batting - Pitching for Trenton Stars : RHP Manuel Jimenen
|
Batting: RHB Emílio Carrillo
|
0-0: Ball 1-0: Fly out, F8 (Flyball, 8RXD)
|
Batting: SHB Orlando Lópes
|
0-0: Ball 1-0: Ground out 4-3 (Groundball, 4M)
|
Batting: RHB William Farmer
|
0-0: Swinging Strike 0-1: Ball 1-1: DOUBLE (Line Drive, 9LD)
|
Batting: LHB Tony Ortíz
|
0-0: Ball 1-0: Ball 2-0: Ball 3-0: Base on Balls
|
Batting: LHB Aroghetto Dionisotti
|
0-0: Ball 1-0: Ball 2-0: Ball 3-0: Base on Balls William Farmer to third Tony Ortíz to second
|
Batting: RHB Vicente Vélez
|
0-0: Ground out 4-3 (Groundball, 34)
|
Top of the 6th over - 0 run(s), 1 hit(s), 0 error(s), 3 left on base; Wisconsin 4 - Trenton 4 |
BOTTOM OF THE 6TH |
Trenton Stars batting - Pitching for Wisconsin Timber Rattlers : RHP Mike Brown
|
Batting: LHB Ju-wei Shiu
|
0-0: Fly out, F8 (Flyball, 8LM)
|
Batting: RHB Chris Cole
|
0-0: Called Strike 0-1: Fly out, F7 (Flyball, 7S)
|
Batting: RHB Clancy Booker
|
0-0: Foul Ball, location: 2F 0-1: Called Strike 0-2: Foul Ball, location: 2F 0-2: Strikes out swinging
|
Bottom of the 6th over - 0 run(s), 0 hit(s), 0 error(s), 0 left on base; Wisconsin 4 - Trenton 4 |
TOP OF THE 7TH |
Wisconsin Timber Rattlers batting - Pitching for Trenton Stars : RHP Manuel Jimenen
|
Pitching: RHP Ki-tong Shiu
|
|
Batting: RHB António Pérez
|
0-0: Called Strike 0-1: Ball 1-1: Ball 2-1: Swinging Strike 2-2: Ball 3-2: Strikes out looking
|
Batting: RHB Ulysse Bélisle
|
0-0: Foul Ball, location: 2F 0-1: Foul Ball, location: 2F 0-2: Ground out 6-3 (Groundball, 6)
|
Pinch Hitting: LHB John Latham
|
0-0: Swinging Strike 0-1: Ball 1-1: Called Strike 1-2: Foul Ball, location: 2F 1-2: Ball 2-2: Ball 3-2: Strikes out swinging
|
Top of the 7th over - 0 run(s), 0 hit(s), 0 error(s), 0 left on base; Wisconsin 4 - Trenton 4 |
BOTTOM OF THE 7TH |
Trenton Stars batting - Pitching for Wisconsin Timber Rattlers : RHP Mike Brown
|
Now at 2B: Sam Gates
|
|
Batting: RHB Felipe Olivas
|
0-0: Called Strike 0-1: SINGLE (Line Drive, 8RS)
|
Batting: RHB Salvador Gonzáles
|
0-0: Called Strike 0-1: Foul Ball, location: 2F 0-2: Ball 1-2: Ball 2-2: Ground out 3-1 (Groundball, 34S) Felipe Olivas to second
|
Pitching: LHP José García
|
|
Pinch Hitting: RHB Rafael Canales
|
0-0: Intentional Walk
|
Pitching: RHP Richard Hardin
|
|
Batting: LHB Felipe Guerrero
|
0-0: Ball 1-0: Fly out, F8 (Flyball, 78D)
|
Batting: RHB Jesús Dávila
|
0-0: Ball 1-0: Swinging Strike 1-1: Foul Ball, location: 2F 1-2: Ground out 4-3 (Groundball, 4)
|
Bottom of the 7th over - 0 run(s), 1 hit(s), 0 error(s), 2 left on base; Wisconsin 4 - Trenton 4 |
TOP OF THE 8TH |
Wisconsin Timber Rattlers batting - Pitching for Trenton Stars : RHP Ki-tong Shiu
|
Now at SS: Kenji Murayama
|
|
Batting: RHB Emílio Carrillo
|
0-0: Ball 1-0: Ball 2-0: Foul Ball, location: 2F 2-1: Called Strike 2-2: Strikes out swinging
|
Batting: SHB Orlando Lópes
|
0-0: SINGLE (Flyball, 78S)
|
Batting: RHB William Farmer
|
0-0: Called Strike 0-1: Ball 1-1: Called Strike 1-2: Ball 2-2: SINGLE (Groundball, 6M) (infield hit) Orlando Lópes to second
|
Pinch Hitting: LHB Oliver Beltrán
|
0-0: Called Strike Reached via error on a dropped throw, E6 Orlando Lópes to third William Farmer to second
|
Batting: LHB Aroghetto Dionisotti
|
0-0: Ball 1-0: Foul Ball, location: 2F 1-1: Called Strike 1-2: SINGLE (Line Drive, 34) Orlando Lópes scores William Farmer to third Oliver Beltrán to second
|
Batting: RHB Vicente Vélez
|
0-0: Ball 1-0: Called Strike 1-1: Ball 2-1: Ball 3-1: Fly out, F3 (Line Drive, 34) 3-1: Lined into DP, U3 (Line Drive, 34)
|
Top of the 8th over - 1 run(s), 3 hit(s), 1 error(s), 2 left on base; Wisconsin 5 - Trenton 4 |
BOTTOM OF THE 8TH |
Trenton Stars batting - Pitching for Wisconsin Timber Rattlers : RHP Richard Hardin
|
Pitching: RHP Andy Parker
|
|
Now in RF: Chris Walker
|
|
Batting: LHB Alberto Gómez
|
0-0: SINGLE (Line Drive, 56D)
|
Batting: LHB Ju-wei Shiu
|
0-0: Ball 1-0: Bunted foul 1-1: Bunt missed! 1-2: Ball 2-2: Ball 3-2: Fly out, F7 (Flyball, 78M)
|
Batting: RHB Chris Cole
|
0-0: Ball 1-0: Ball 2-0: Bunted foul 2-1: Ball 3-1: Sac Bunt - play at first, batter OUT! 1-4 Alberto Gómez to second
|
Batting: RHB Clancy Booker
|
0-0: Called Strike 0-1: 2-RUN HOME RUN (Flyball, 7LD), Distance : 345 ft
|
Pitching: RHP Michael Wright
|
|
Batting: RHB Felipe Olivas
|
0-0: Called Strike 0-1: Ball 1-1: Ground out 4-3 (Groundball, 4)
|
Bottom of the 8th over - 2 run(s), 2 hit(s), 0 error(s), 0 left on base; Wisconsin 5 - Trenton 6 |
TOP OF THE 9TH |
Wisconsin Timber Rattlers batting - Pitching for Trenton Stars : RHP Ki-tong Shiu
|
Pitching: RHP Gilberto Martínez
|
|
Batting: RHB António Pérez
|
0-0: Swinging Strike 0-1: Called Strike 0-2: Foul Ball, location: 2F 0-2: Strikes out swinging
|
Batting: RHB Ulysse Bélisle
|
0-0: Ground out 4-3 (Groundball, 34)
|
Pinch Hitting: RHB Spencer Johnston
|
0-0: Ball 1-0: Ball 2-0: Ball 3-0: Base on Balls
|
Batting: RHB Emílio Carrillo
|
0-0: Ball 1-0: Fly out, F7 (Flyball, 78D)
|
Top of the 9th over - 0 run(s), 0 hit(s), 0 error(s), 1 left on base; Wisconsin 5 - Trenton 6 |
|